 Dungeon Crawl Stone Soup version 0.13.1-2-gfb2c2b7 (webtiles) character file.

131 Lilouch the Firebug (level 2, 0/15 HPs)
             Began as a Tengu Fire Elementalist on Dec 5, 2013.
             Slain by a hound (1 damage)
             ... on Level 4 of the Dungeon.
             The game lasted 00:04:57 (972 turns).

Lilouch the Firebug (Tengu Fire Elementalist)        Turns: 972, Time: 00:04:57

HP   0/15        AC  2     Str  8      XL: 2   Next: 79%
MP   2/5         EV 12     Int 15      God:
Gold 111         SH  0     Dex 14      Spells:  1 memorised,  3 levels left

Res.Fire  : + . .   See Invis. : .   (no weapon)
Res.Cold  : . . .   Warding    : .   a - +0 robe
Life Prot.: . . .   Conserve   : .   (no shield)
Res.Poison: .       Res.Corr.  : +   (helmet restricted)
Res.Elec. : .       Clarity    : .   (no cloak)
Sust.Abil.: . .     Spirit.Shd : .   (no gloves)
Res.Mut.  : .       Stasis     : .   (boots unavailable)
Res.Rott. : .       Flight     : .   u - amulet of resist corrosion {unknown}
Saprovore : . . .                    (no ring)
                                     x - ring of protection from fire {unknown}

@: not resistant to hostile enchantments, fairly stealthy
A: beak, talons 3
a: no special abilities


You were on level 4 of the Dungeon.
You were not hungry.

You visited 1 branch of the dungeon, and saw 4 of its levels.

You collected 91 gold pieces.

Inventory:

Hand weapons
 h - a +0,+0 dagger (quivered)
 l - a +0,+0 dagger
 p - a +2,+1 elven dagger
Missiles
 d - 57 stones
 e - 2 poisoned darts
 j - 19 bolts
 k - 8 sling bullets
 v - 2 exploding darts
 y - 2 javelins
 z - 20 poisoned needles
Armour
 a - a +0 robe (worn)
 n - a +2 buckler
Comestibles
 c - 2 bread rations
 q - a rambutan
 w - 2 chunks of goblin flesh
Scrolls
 f - 3 scrolls of remove curse {unknown}
 r - 3 scrolls of identify {unknown}
 s - a scroll of teleportation {unknown}
 A - 2 scrolls of fear {unknown}
Jewellery
 u - an amulet of resist corrosion (around neck) {unknown}
 x - a ring of protection from fire (left hand) {unknown}
Potions
 i - 2 potions of restore abilities {unknown}
 m - 2 potions of confusion {unknown}
 o - a potion of paralysis {unknown}
 t - a potion of beneficial mutation {unknown}
 B - a potion of flight {unknown}
Books
 b - a book of Flames

   Spells                             Type                      Level
   *Flame Tongue                      Conjuration/Fire             1
   Throw Flame                        Conjuration/Fire             2
   Conjure Flame                      Conjuration/Fire             3
   Inner Flame                        Hexes/Fire                   3
   Sticky Flame                       Conjuration/Fire             4
   Fireball                           Conjuration/Fire             5


   Skills:
 - Level 2.1 Dodging
 - Level 2.0 Stealth
 + Level 1.5 Spellcasting
 + Level 2.0 Conjurations
 * Level 3.8 Fire Magic


You had 3 spell levels left.
You knew the following spells:

 Your Spells              Type           Power        Failure   Level  Hunger
a - Flame Tongue          Conj/Fire      #....        10%         1    ##.....


Dungeon Overview and Level Annotations

Branches:
Dungeon (4/27)
 Temple: D:4-7

Altars:


Innate Abilities, Weirdness & Mutations

You have a beak for a mouth.
You have claws for feet.


Message History

Press: ? - help, Shift-Dir - straight line, f/p - giant cockroach
Aim: a giant cockroach (clinging)
The flame hits the giant cockroach.
You kill the giant cockroach!
You see here a club.
The worker ant misses you. The worker ant bites you.
You are poisoned.
The worker ant poisons you! The hound bites you.
* * * LOW HITPOINT WARNING * * *
* * * LOW HITPOINT WARNING * * *
You feel sick.
You feel better. The hound closely misses you. The hound completely misses you.
There is a stone staircase leading up here.
The hound pauses to sniff the ground.
The hound bites you.
You die...

#....##......###
#.#.###....>.#
#.#s# ##..####
#.#.# .... #.#.#
.#### ####.#.##
.# #......a# .#
#.#####h# . #
#@# #.# #.# #.#
..# ###


You could see a hound, a worker ant and a scorpion.

Vanquished Creatures
  4 goblins
  2 bats
  3 giant cockroaches
  4 giant newts
  3 kobolds
  6 rats
22 creatures vanquished.

Notes
Turn   | Place    | Note
--------------------------------------------------------------
     0 | D:1      | Lilouch, the Tengu Fire Elementalist, began the quest for the Orb.
     0 | D:1      | Reached XP level 1. HP: 10/10 MP: 3/3
   206 | D:1      | Reached XP level 2. HP: 15/15 MP: 1/5
   556 | D:2      | You fall through a shaft!
   972 | D:4      | Slain by a hound

Action                   || total
-------------------------++-------
Melee: Unarmed           ||     1
Throw: Dagger            ||    14
 Cast: Flame Tongue      ||    25
